 Dungeon Crawl Stone Soup version 0.26.0-10-g1f06aea511 (webtiles) character file.

Game seed: 829129314861355435

6172 Borgoz the Protected (level 10, -5/66 HPs)
             Began as a Gargoyle Fighter on Jan 17, 2021.
             Was a Follower of Ashenzari.
             Killed by divine providence
             ... invoked by a meliai
              (14 damage)
             ... on level 8 of the Dungeon.
             The game lasted 00:10:53 (8401 turns).

Borgoz the Protected (Gargoyle Fighter)             Turns: 8401, Time: 00:10:53

Health: -5/66      AC: 27    Str: 21    XL:     10   Next: 91%
Magic:  10/10      EV: 10    Int:  8    God:    Ashenzari [*.....]
Gold:   470        SH:  0    Dex: 12    Spells: 9/9 levels left

rFire    . . .     SeeInvis .   C - +1 dire flail (vorpal)
rCold    . . .     Faith    .   (shield currently unavailable)
rNeg     + . .     Spirit   .   b - +0 crystal plate armour
rPois    ∞         Reflect  .   (no helmet)
rElec    +         Harm     .   (no cloak)
rCorr    +         Rampage  .   (no gloves)
Will     .....                  (no boots)
Stlth    ..........             (no amulet)
HPRegen  0.21/turn              G - +4 ring of evasion
MPRegen  0.12/turn              z - ring of resist corrosion

@: no status effects
A: negative energy resistance 1, electricity resistance, unbreathing,
petrification resistance, miasma immunity, AC +7
a: Renounce Religion, Curse Item, Scrying


You were on level 8 of the Dungeon.
You worshipped Ashenzari.
Ashenzari was aware of your devotion.
You visited 2 branches of the dungeon, and saw 9 of its levels.

You collected 470 gold pieces.

Inventory:

Hand Weapons
 c - a +4 morningstar
 C - a +1 vorpal dire flail (weapon)
Armour
 b - a +0 crystal plate armour (worn)
 v - a +0 buckler
 w - a +0 troll leather armour
 D - a +2 scale mail of cold resistance
Jewellery
 z - a ring of resist corrosion (right hand)
 G - a +4 ring of evasion (left hand)
Wands
 d - a wand of paralysis (5)
 F - a wand of disintegration (17)
Scrolls
 e - 2 scrolls of magic mapping {unknown}
 h - a scroll of enchant armour
 i - 6 scrolls of remove curse
 j - 4 scrolls of teleportation
 o - 2 scrolls of immolation {unknown}
 s - a scroll of fear {unknown}
 u - a scroll of noise
 y - a scroll of enchant weapon {unknown}
 A - 2 scrolls of random uselessness {unknown}
 E - a scroll of amnesia {unknown}
Potions
 a - 2 potions of curing
 f - a potion of haste
 g - 2 potions of attraction {unknown}
 k - 3 potions of berserk rage {unknown}
 m - a potion of lignification
 n - 3 potions of degeneration
 p - 2 potions of ambrosia
 r - a potion of invisibility {unknown}
 t - a potion of mutation {unknown}
 x - 2 potions of flight
 B - a potion of brilliance


   Skills:
 + Level 9.4 Fighting
 + Level 8.3 Maces & Flails
 + Level 9.5 Armour
 + Level 6.3 Dodging
 - Level 4.3 Shields


You had 9 spell levels left.
You didn't know any spells.
Your spell library contained the following spells:

 Spells                   Type           Power        Failure   Level
 Beastly Appendage        Tmut           0%           100%        1
 Wereblood                Tmut           0%           100%        2
 Spider Form              Tmut/Pois      0%           100%        3
 Ice Form                 Ice/Tmut       0%           100%        4
 Blade Hands              Tmut           0%           100%        5


Dungeon Overview and Level Annotations

Branches:
Dungeon (8/15)             Temple (1/1) D:5
   Lair: D:8-11

Altars:
Ashenzari
Cheibriados
Dithmenos
Elyvilon
Fedhas
Gozag
Hepliaklqana
Kikubaaqudgha
Makhleb
Nemelex Xobeh
Okawaru
Qazlal
Ru
Sif Muna
Trog
Uskayaw
Vehumet
Wu Jian
Xom
Yredelemnul
Zin
The Shining One

Shops:
D:7 =

Annotations:
D:6 1 runed translucent door, Dracia's ghost, novice GnWr


Innate Abilities, Weirdness & Mutations

You are resistant to torment.
Your stone body is resilient. (AC +7)
You are immune to poison.
You resist negative energy. (rN+)
You are resistant to electric shocks. (rElec)
You can survive without breathing.
You are immune to petrification.
You are immune to miasma.


Message History

The meliai is almost dead.
The meliai hits you but does no damage.
The meliai stings you but does no damage.
The meliai completely misses you.
The meliai stings you but does no damage.
You hit the meliai.
The meliai is almost dead.
The meliai mumbles some strange prayers to its god against you.
Something smites you!
You barely miss the meliai.
The meliai is almost dead.
The meliai mumbles some strange prayers to its god against you.
Something smites you!
* * * LOW HITPOINT WARNING * * *
The meliai closely misses you. x2
You miss the meliai.
The meliai is almost dead.
The meliai invokes the aid of its god against you.
Something smites you!
You die...

#....#
##'#########'##.###....#
#....# #..#.......#..#.#
##'#.# #....#
#.)#.⌠...⌠.#..#.# #.#.#
##....#
#..#....⌠..#..#.# #.#.#
......#
##.)...⌠...).##.# ##'#+#
####..# ###..⌠....####.#
#..... #..# #.⌠...⌠.#
#.# #..... #..##
#.......# #.# #.....
####...# ####@#### #.#
#..... ...#...## #y# #.#
#..... #.##....#


hu{ #.# #..... #.##..#.# .YQB. #.# #..... #'##..#.## ....... #.# #.....
......#..# ......... #.# ##'#'# ......##.# ....?[[.... #.####.#.#
......##.#....($#))....#......#.# ..)...##.###############.######.# You could
see a red ugly thing, a tengu warrior, a yak, a hog, a soldier ant and a meliai.

Vanquished Creatures
  Erica (D:8)
  2 two-headed ogres (D:8)
  Pikel (D:6)
  Grinder (D:4)
  A wyvern (D:7)
  Edmund (D:5)
  A water moccasin (D:8)
  4 orc warriors
  2 ice beasts
  A sky beast (D:8)
  A black bear (D:8)
  An ogre (D:4)
  4 lemures (D:6)
  5 centaurs
  A phantom (D:6)
  2 bullfrogs
  5 scorpions
  3 water moccasin skeletons
  11 wights
  A bullfrog zombie (D:5)
  3 hounds
  6 orc priests
  12 orc wizards
  2 bullfrog skeletons
  2 iguanas
  3 worker ants
  A killer bee zombie (D:8)
  A hound zombie (D:7)
  2 hound skeletons (D:4)
  A howler monkey zombie (D:7)
  A gnoll (D:1)
  7 adders
  A shadow imp (D:6)
  A white imp (D:4)
  2 ufetubi
  2 adder skeletons
  4 worms
  2 dart slugs (D:2)
  A leopard gecko (D:7)
  34 orcs
  2 ball pythons
  2 giant cockroaches
  6 goblins
  7 hobgoblins
  26 jackals
  3 kobolds
  3 quokkas
  A ball python skeleton (D:4)
  5 bats
  4 frilled lizards
  2 leopard gecko skeletons (D:4)
  A quokka zombie (D:8)
  4 rats (D:1)
203 creatures vanquished.

Notes
Turn   | Place    | Note
-------+----------+-------------------------------------------
     0 | D:1      | Borgoz the Gargoyle Fighter began the quest for the Orb.
     0 | D:1      | Reached XP level 1. HP: 14/14 MP: 1/1
    63 | D:1      | Reached XP level 2. HP: 4/19 MP: 2/2
   625 | D:1      | Reached XP level 3. HP: 23/23 MP: 3/3
  1181 | D:2      | Reached XP level 4. HP: 24/29 MP: 4/4
  1434 | D:2      | Found a broken altar of Ashenzari.
  1536 | D:2      | Became a worshipper of Ashenzari the Shackled
  1838 | D:2      | Found a faded altar of an unknown god.
  2347 | D:3      | Reached XP level 5. HP: 23/33 MP: 5/5
  2440 | D:3      | Found a hazy altar of Hepliaklqana.
  2598 | D:3      | Found a bloodstained altar of Trog.
  3214 | D:4      | Reached XP level 6. HP: 39/39 MP: 6/6
  3339 | D:4      | Reached skill level 1 in Dodging
  3569 | D:4      | Reached skill level 5 in Fighting
  3569 | D:4      | Reached skill level 5 in Armour
  3579 | D:4      | Noticed Grinder
  3590 | D:4      | Killed Grinder
  3591 | D:4      | Reached XP level 7. HP: 32/44 MP: 7/7
  3953 | D:5      | Entered Level 5 of the Dungeon
  4158 | D:5      | Reached XP level 8. HP: 51/51 MP: 8/8
  4165 | D:5      | Reached * piety under Ashenzari
  4312 | D:5      | Found a staircase to the Ecumenical Temple.
  4322 | Temple   | Entered the Ecumenical Temple
  4835 | D:6      | Noticed Edmund
  4847 | D:5      | Reached skill level 5 in Maces & Flails
  4882 | D:5      | Killed Edmund
  5075 | D:6      | Paralysed by a wight for 5 turns
  5157 | D:6      | Found a runed translucent door.
  5157 | D:6      | Noticed Dracia's ghost (novice GnWr)
  5272 | D:6      | Reached XP level 9. HP: 43/56 MP: 9/9
  5419 | D:6      | Noticed Pikel
  5473 | D:6      | Killed Pikel
  5742 | D:6      | Found a sparkling altar of Nemelex Xobeh.
  6408 | D:7      | Reached skill level 5 in Dodging
  6751 | D:7      | Found Musiafao's Jewellery Boutique.
  6808 | D:7      | Reached XP level 10. HP: 48/64 MP: 10/10
  7024 | D:8      | Noticed Erica
  7076 | D:8      | Killed Erica
  7372 | D:8      | Noticed a two-headed ogre
  7388 | D:8      | Killed a two-headed ogre
  7638 | D:8      | Noticed a two-headed ogre
  7647 | D:8      | Killed a two-headed ogre
  8386 | D:8      | Noticed a tengu warrior
  8387 | D:8      | Noticed a red ugly thing
  8401 | D:8      | Killed from afar by a meliai

Illustrated notes

Levels and vault maps discovered:
D:1:      dpeg_arrival_rhombi, layout_loops_ring, chequers_decorated_corner
D:2:      layout_rooms, chequers_ecumenical_altar_twisty,
          evilmike_ruin_ashenzari
D:3:      layout_loops_corners, nzn_hepliaklqana_mist_gate,
          hangedman_decor_slide_cut, trog_book
D:4:      layout_basic, uniq_grinder
D:5:      layout_loops_ring, minmay_temple_entry_overgrown
D:6:      layout_basic, hellmonk_ghost_happy_afterlife, hangedman_decor_lopped,
          nemelex_altar_shiori, uniq_pikel, uniq_edmund
D:7:      layout_basic, serial_shops, shop, grunt_tough_drop
D:8:      minmay_chambers_of_sevens, layout_basic, uniq_erica
Temple:   minmay_crystal_snake_temple

Skill      XL: |  1  2  3  4  5  6  7  8  9 10 |
---------------+-------------------------------+-----
Shields        | 4 |  4.3
Armour         | 4 5 6 8 9 |  9.5
Fighting       | 4 5 6 8 9 |  9.4
Maces & Flails | 3 4 5 7 8 |  8.3
Dodging        | 2 3 5 6 |  6.3

Action                   |  1- 3 |  4- 6 |  7- 9 | 10-12 || total
-------------------------+-------+-------+-------+-------++-------
Melee: Flail             |   123 |   192 |   134 |       ||   449
       Dire flail        |       |       |   265 |   222 ||   487
  Use: Potion            |     1 |       |       |     1 ||     2
       Scroll            |       |       |       |    10 ||    10
 Stab: Sleeping          |       |       |     1 |       ||     1
Armor: Scale mail        |   134 |    80 |       |       ||   214
       Troll leather arm |       |    25 |   103 |       ||   128
       Crystal plate arm |       |       |   281 |   181 ||   462
Dodge: Dodged            |    80 |    62 |   211 |   129 ||   482
Block: Kite shield       |   122 |    62 |       |       ||   184
       Buckler           |       |    14 |    41 |       ||    55
